Map: Odyssey LE

Players

DeMusliM - Winner!

  • Race: Terran Terran
  • League: Grandmaster
  • Spawn Location: 5:00

sLivko

  • Race: Zerg Zerg
  • League: Grandmaster
  • Spawn Location: 11:00

Event: WESG Barcelona European Finals 2017

VOD

Have the link to the VOD?

Description

Time

  • Played on: Nov. 24, 2017, 6:45 a.m.
  • Length: 14:13

All games in this series

Show
View Real Time Build Order
Export as new Build Order

DeMusliM Terran - Winner!

Build Orders: Liberator Opening, Mech 

Get SALT Encoding   

  12  0:00  SCV  
  13  0:13  SCV  
  14  0:17  Supply Depot  
  14  0:25  SCV  
  14  0:27  Refinery  
  15  0:38  SCV  
  16  0:45  Barracks  
  16  0:50  SCV  
  17  1:02  SCV  
  18  1:14  SCV  
  19  1:31  Marine, Orbital Command  
  20  1:39  Command Center  
  20  1:50  Factory  
  20  1:57  SCV  
  20  1:59  Barracks Reactor  
  21  2:05  Supply Depot  
  21  2:09  SCV  
  21  2:13  Refinery  
  22  2:22  SCV  
  23  2:34  SCV  
  23  2:35  Starport  
  23  2:36  Marine x2  
  26  2:42  Widow Mine  
  28  2:46  SCV  
  29  2:52  Orbital Command  
  29  2:55  Marine  
  29  2:58  SCV, Marine  
  32  3:10  SCV  
  32  3:11  Medivac  
  35  3:18  SCV  
  36  3:21  Hellion  
  36  3:23  Marine  
  36  3:24  Supply Depot  
  36  3:26  Hellion  
  41  3:28  SCV  
  41  3:30  SCV  
  43  3:38  Armory  
  43  3:41  SCV  
  43  3:42  SCV  
  43  3:45  Liberator  
  43  3:48  Hellion x2  
  49  3:53  Supply Depot  
  49  4:00  SCV x2  
  53  4:12  SCV  
  53  4:14  SCV  
  53  4:15  Hellion x2  
  59  4:18  Supply Depot  
  60  4:24  SCV  
  60  4:27  SCV  
  61  4:36  SCV  
  62  4:40  SCV  
  62  4:41  Command Center  
  63  4:48  SCV  
  63  4:52  SCV  
  65  4:53  Factory  
  65  4:54  Factory  
  64  5:00  SCV  
  64  5:04  SCV  
  64  5:16  Hellion x2  
  64  5:17  Starport Reactor, Barracks Tech Lab  
  64  5:18  SCV  
  64  5:19  Refinery  
  64  5:20  SCV  
  59  5:21  Refinery  
  55  5:30  SCV  
  55  5:32  SCV, Bunker  
  55  5:33  Bunker  
  57  5:38  Cyclone x2  
  57  5:39  Marauder  
  65  5:43  SCV  
  65  5:44  SCV  
  63  5:52  Factory Tech Lab  
  63  5:53  Factory Tech Lab  
  63  5:55  SCV  
  63  5:56  SCV  
  64  5:57  Orbital Command  
  62  6:07  SCV  
  62  6:08  SCV  
  62  6:11  Thor  
  65  6:19  SCV  
  65  6:21  SCV  
  65  6:22  Thor  
  73  6:27  Medivac  
  73  6:30  Hellion x2  
  73  6:31  SCV  
  73  6:32  Medivac  
  82  6:33  SCV  
  82  6:36  Supply Depot  
  82  6:39  Supply Depot  
  83  6:43  SCV  
  83  6:44  SCV  
  85  6:48  Supply Depot  
  85  6:58  Hellion x2, Siege Tank  
  92  7:03  SCV x2, Orbital Command  
  92  7:05  Siege Tank  
  97  7:15  SCV x2  
  99  7:19  Factory  
  99  7:20  Factory  
  97  7:23  Supply Depot  
  97  7:27  SCV x2, Supply Depot  
  97  7:29  Refinery  
  99  7:30  Refinery  
  99  7:33  Hellion x2, Siege Tank  
  99  7:35  SCV  
  107  7:39  SCV x2  
  109  7:47  SCV  
  109  7:50  Siege Tank  
  111  7:51  SCV x2  
  111  7:56  Supply Depot x3  
  113  7:59  SCV  
  113  8:02  Terran Vehicle Weapons Level 1  
  113  8:03  SCV x2  
  113  8:04  Armory  
  116  8:07  Siege Tank  
  116  8:08  Factory Reactor  
  119  8:13  SCV  
  119  8:15  SCV  
  119  8:17  Siege Tank  
  119  8:19  Hellion x2  
  126  8:24  Command Center  
  126  8:26  SCV x2  
  128  8:33  Engineering Bay  
  128  8:36  Siege Tank  
  128  8:37  Infernal Pre-Igniter  
  128  8:39  Smart Servos  
  128  8:41  Hellion x2  
  135  8:47  Hellion x2  
  137  8:57  Siege Tank x2  
  137  9:01  Terran Vehicle And Ship Armor Level 1  
  137  9:02  Hellion  
  145  9:05  Supply Depot  
  145  9:06  Supply Depot, Hellion  
  147  9:11  Hellion  
  149  9:19  Supply Depot x3  
  149  9:27  Hellion x2, Siege Tank  
  149  9:28  Hellion, Viking  
  149  9:29  Siege Tank  
  163  9:33  Hellion  
  163  9:35  Viking  
  163  9:36  Siege Tank  
  170  9:48  Hellion x2  
  170  9:49  Hellion  
  176  9:58  Terran Vehicle Weapons Level 2  
  176  9:59  Siege Tank  
  179  10:03  Command Center  
  179  10:07  Refinery  
  179  10:08  Refinery  
  179  10:09  Siege Tank x2  
  185  10:15  Planetary Fortress  
  185  10:23  Hellion x2  
  189  10:31  Siege Tank  
  192  10:41  Siege Tank  
  195  10:51  Siege Tank  
  198  10:58  Command Center  
  198  11:03  Siege Tank  
  193  11:09  Command Center  
  189  11:13  Siege Tank  
  192  11:23  Siege Tank  
  195  11:30  Hellion  
  195  11:31  Hellion x3, Viking  
  195  11:32  Viking  
  180  11:35  Siege Tank  
  157  11:44  Terran Vehicle And Ship Armor Level 2  
  157  11:45  Siege Tank  
  146  11:52  Hellion x2, Orbital Command  
  150  11:56  Hellion x2, Siege Tank  
  157  12:01  Viking  
  157  12:05  Viking  
  157  12:07  Siege Tank  
  164  12:13  Hellion  
  166  12:19  Hellion, Siege Tank  
  166  12:20  Hellion x2  
  171  12:28  Siege Tank  
  171  12:29  Starport x2  
  170  12:31  Viking  
  170  12:41  Viking  
  170  12:42  Thor  
  178  12:56  Orbital Command  
  168  13:01  Viking  
  168  13:03  Thor  
  168  13:04  Hellion x4  
  164  13:13  Siege Tank  
  164  13:18  Viking  
  152  13:25  Hellion  
  152  13:26  Siege Tank  
  151  13:36  Hellion  
  136  13:44  Hellion  
Show
View Real Time Build Order
Export as new Build Order

sLivko Zerg 

Build Orders: Hatch First 

Get SALT Encoding   

  12  0:00  Drone  
  13  0:12  Overlord  
  13  0:16  Drone  
  14  0:30  Drone x2  
  14  0:34  Drone  
  17  0:51  Hatchery  
  17  0:55  Drone  
  17  0:57  Drone  
  18  1:09  Extractor  
  17  1:12  Spawning Pool  
  17  1:16  Drone  
  17  1:19  Drone  
  18  1:28  Drone  
  19  1:38  Overlord  
  19  1:58  Queen  
  19  2:00  Zergling x4  
  23  2:03  Queen  
  23  2:04  Drone  
  26  2:11  Drone  
  26  2:12  Metabolic Boost  
  26  2:14  Drone  
  28  2:23  Drone  
  28  2:25  Drone  
  30  2:34  Queen  
  32  2:45  Overlord  
  32  2:47  Drone  
  32  2:49  Drone  
  32  2:51  Drone, Hatchery  
  35  2:57  Overlord  
  35  2:58  Drone  
  35  3:12  Drone x3  
  38  3:13  Drone x2  
  38  3:14  Drone x2  
  38  3:15  Drone  
  43  3:21  Drone  
  43  3:22  Drone  
  45  3:30  Queen  
  45  3:31  Queen  
  45  3:33  Overlord  
  49  3:39  Roach Warren  
  48  3:42  Extractor  
  48  3:44  Zergling x4  
  48  3:46  Zergling x2  
  48  3:47  Drone  
  48  3:48  Drone  
  52  3:51  Drone x2  
  52  3:54  Overlord  
  54  3:57  Overlord  
  53  4:15  Zergling x2  
  53  4:16  Zergling x2  
  55  4:19  Drone x9  
  55  4:23  Roach  
  66  4:26  Roach  
  66  4:30  Overlord  
  66  4:34  Overlord  
  66  4:36  Overlord  
  66  4:43  Overlord  
  66  4:46  Spore Crawler  
  66  4:47  Overlord  
  66  4:51  Roach x4  
  73  4:53  Roach  
  73  4:55  Roach x3  
  73  4:59  Roach  
  79  5:03  Roach  
  77  5:12  Roach  
  79  5:20  Drone x4  
  80  5:25  Queen  
  79  5:28  Drone  
  79  5:29  Extractor x2  
  79  5:30  Drone  
  79  5:31  Spore Crawler  
  75  5:38  Drone  
  75  5:42  Drone  
  76  5:47  Extractor  
  76  5:49  Drone x2  
  76  5:50  Lair, Extractor  
  76  5:52  Drone  
  76  5:53  Drone x2  
  76  5:54  Drone  
  79  6:00  Drone x2  
  81  6:04  Drone  
  80  6:12  Overlord  
  80  6:14  Drone  
  80  6:15  Drone  
  78  6:26  Drone  
  78  6:27  Drone x10  
  89  6:33  Evolution Chamber x2  
  89  6:34  Overlord  
  89  6:36  Drone  
  89  6:39  Drone, Hatchery  
  88  6:41  Pneumatized Carapace  
  88  6:44  Drone  
  88  6:45  Baneling Nest  
  88  6:47  Drone  
  88  6:52  Hydralisk Den, Drone x2  
  90  6:54  Drone x2, Infestation Pit  
  90  6:55  Zergling x8  
  90  6:57  Roach  
  90  6:59  Roach  
  99  7:02  Roach  
  99  7:04  Overlord  
  99  7:06  Roach  
  103  7:10  Overlord  
  103  7:12  Zerg Missile Weapons Level 1, Glial Reconstitution  
  103  7:14  Roach  
  105  7:16  Roach  
  105  7:20  Overlord  
  107  7:27  Hydralisk x3, Muscular Augments  
  113  7:31  Roach x2  
  113  7:33  Roach  
  113  7:36  Hive  
  119  7:38  Roach  
  119  7:40  Zergling x4  
  123  7:48  Zergling x4  
  123  7:49  Zergling x8  
  123  7:50  Hydralisk  
  128  7:53  Hydralisk x2  
  128  7:56  Hydralisk  
  128  7:57  Hydralisk  
  128  7:58  Overlord  
  136  7:59  Baneling x2  
  136  8:00  Baneling x3  
  136  8:02  Overseer  
  136  8:03  Overlord  
  136  8:06  Overlord  
  136  8:08  Overlord x2  
  136  8:13  Overlord  
  136  8:19  Hatchery  
  135  8:26  Zerg Ground Armor Level 1  
  135  8:32  Hydralisk, Hatchery  
  135  8:33  Hydralisk x3  
  142  8:48  Overseer  
  141  8:49  Viper  
  141  8:51  Zergling x2  
  141  8:52  Zergling x10  
  141  8:53  Viper  
  153  8:57  Drone x3, Evolution Chamber  
  153  8:58  Drone x2  
  153  8:59  Drone x3  
  153  9:00  Drone  
  161  9:06  Drone x2  
  161  9:07  Drone  
  164  9:11  Drone x2  
  164  9:12  Drone  
  167  9:22  Zerg Missile Weapons Level 2  
  167  9:23  Hydralisk x2  
  171  9:25  Hydralisk x2  
  171  9:27  Extractor x2  
  171  9:30  Overlord  
  173  9:31  Drone x3  
  173  9:32  Drone x3  
  173  9:36  Extractor  
  178  9:39  Overlord  
  178  9:44  Overseer  
  178  9:45  Overlord  
  178  9:50  Spine Crawler x2  
  178  9:51  Queen, Spore Crawler  
  177  9:59  Hydralisk x3  
  177  10:06  Centrifical Hooks, Spine Crawler  
  182  10:08  Spine Crawler  
  182  10:09  Hydralisk x3  
  182  10:13  Spore Crawler  
  186  10:18  Zergling x16  
  186  10:19  Zergling x2  
  195  10:25  Spire  
  195  10:28  Baneling x3  
  193  10:29  Baneling x7  
  193  10:33  Baneling x9  
  193  10:34  Baneling  
  193  10:37  Zergling x4  
  193  10:41  Baneling  
  193  10:42  Baneling x9  
  195  10:44  Zergling x4  
  195  10:52  Zergling x2  
  195  10:59  Zergling x10  
  195  11:00  Hydralisk x3  
  198  11:08  Baneling x2  
  197  11:11  Roach  
  197  11:14  Roach  
  199  11:21  Zerg Ground Armor Level 2  
  159  11:39  Hydralisk  
  124  11:40  Hydralisk x15  
  124  11:43  Zergling x4  
  124  11:45  Zergling x4  
  135  11:48  Zergling x4  
  135  11:57  Hydralisk  
  135  12:00  Greater Spire  
  135  12:01  Zergling x4  
  133  12:05  Baneling  
  133  12:06  Baneling x3  
  133  12:07  Zergling x4  
  134  12:13  Viper x2  
  134  12:14  Viper  
  143  12:20  Zergling x4  
  143  12:21  Zergling x2  
  141  12:23  Zergling x4  
  141  12:29  Zergling x2  
  143  12:30  Zergling x12  
  148  12:37  Zergling x4  
  148  12:38  Zergling x4  
  148  12:40  Baneling  
  148  12:41  Baneling x4, Zergling x2  
  152  12:44  Overlord  
  152  12:45  Overlord  
  152  12:47  Zergling x4  
  152  12:52  Zergling x4  
  152  12:59  Hydralisk x2  
  152  13:00  Overlord  
  134  13:14  Hydralisk x2  
  134  13:15  Hydralisk x3  
  134  13:16  Zergling x4  
  136  13:20  Zergling x4  
  136  13:27  Corruptor  
  136  13:28  Corruptor  
  123  13:39  Roach x3  
  109  13:43  Roach  
  109  13:48  Roach x2  
  99  13:50  Roach  
Tags
 
Add a new tag
Caveats
  • Supply blocks, unpowered buildings, or Contaminate may cause inaccurate times.
  • Supply counts are checked every 10 seconds.